 Dungeon Crawl Stone Soup version 0.31-a0-214-gb37851dbb3 (webtiles) character file.

Game seed: 4103297778158919419

77 Ofeo the Conjurer (level 4, 0/58 HPs)
             Began as an Armataur Reaver on July 1, 2023.
             Killed from afar by Sigmund (8 damage)
             ... with a puff of flame
             ... on level 3 of the Dungeon.
             The game lasted 00:03:39 (3061 turns).

Ofeo the Conjurer (Armataur Reaver)                 Turns: 3061, Time: 00:03:40

Health: 0/58       AC: 22    Str: 19    XL:     4   Next: 14%
Magic:  7/7        EV:  1    Int: 13    God:
Gold:   94         SH:  5    Dex:  9    Spells: 6/7 levels left

rFire   . . .        j - +0 quarterstaff
rCold   . . .        (shield currently unavailable)
rNeg    . . .        b - melded +0 leather armour
rPois   +            (helmet currently unavailable)
rElec   .            (cloak currently unavailable)
rCorr   .            f - melded +0 pair of gloves
SInv    .            (no barding)
Will    .....        c - amulet of reflection
Stlth   +            (no ring)
HPRegen 0.29/turn    (no ring)
MPRegen 0.10/turn

%: reflection, roll
@: tree-form (expiring)
A: stationary, stasis, torment immunity, boosted hp, large, rugged brown scales
3, (deformed body), (armoured tail), roll, long tongue, awkward tongue
a: no special abilities


You were on level 3 of the Dungeon.
You were a tree.
You visited 1 branch of the dungeon, and saw 3 of its levels.

You collected 94 gold pieces.

Inventory:

Hand Weapons
 a - a +0 hand axe
 j - a +0 quarterstaff (weapon)
Armour
 b - a +0 leather armour (melded)
 d - a +0 kite shield of fire resistance
 f - a +0 pair of gloves (melded)
Magical Staves
 k - a staff of death
Jewellery
 c - an amulet of reflection (around neck)
Scrolls
 e - 2 scrolls of teleportation {@r3}
 i - a scroll of identify {@r1}


   Skills:
 + Level 2.3 Fighting
 + Level 2.8 Axes
 + Level 1.9 Dodging
 + Level 2.3 Spellcasting
 + Level 3.1 Conjurations


You had 6 spell levels left.
You knew the following spells:

 Your Spells              Type           Power      Damage    Failure   Level
a - Kiss of Death         Conj/Necr      20%        2d7       13%         1

Your spell library contained the following spells:

 Spells                   Type           Power      Damage    Failure   Level
 Momentum Strike          Conj/Tloc      10%        3d8       21%         2
 Hailstorm                Conj/Ice       5%         3d4       36%         3


Dungeon Overview and Level Annotations

Branches:
Dungeon (3/15)

Altars:

Annotations:
D:3 Jessica, Sigmund


Innate Abilities, Weirdness & Mutations

You are a tree.
Your roots penetrate the ground, keeping you stationary.
You cannot be teleported.
You are immune to unholy pain and torment.
Your maximum health is greatly increased.
Your equipment is partially melded.
(You are completely covered in rugged brown scales. (AC +3, +7% HP))
((Armour fits poorly on your strangely shaped body.))
((You have a long armoured tail.))
You roll when moving toward enemies. (Rampage)
Your long tongue fully drains potion bottles. (2x potion effects)
Your tongue gives you trouble enunciating. (1.5x scroll delay)


Message History

You feel sick. Sigmund casts a spell at you.
You block puff of flame... and reflect it back!
The puff of flame hits Sigmund!
Jessica gestures wildly while chanting.
Jessica blinks!
You take 1 damage, and have 17/58 hp.
You feel sick. Sigmund barely misses you.
You take 2 damage, and have 15/58 hp.
You feel sick. Sigmund hits you but does no damage.
You feel sick.
You take 1 damage, and have 14/58 hp.
You feel sick. Sigmund gestures at you while chanting.
You resist with some effort.
You take 1 damage, and have 13/58 hp.
You feel sick.
You are no longer poisoned.
Sigmund hits you from afar with a +3 scythe of venom!
* * * LOW HITPOINT WARNING * * *
You take 9 damage, and have 4/58 hp.
Sigmund hits you but does no damage.
Jessica gestures wildly while chanting.
Jessica blinks!
You block Sigmund's attack. Sigmund casts a spell at you.
You resist with some effort.
Jessica gestures wildly while chanting.
Jessica blinks!
Sigmund hits you but does no damage. Sigmund hits you but does no damage.
Sigmund screams, "I am the angel of ZOT!!!"
Sigmund hits you but does no damage.
Your transformation is almost over.
Sigmund points at you and mumbles some strange words.
The magic dart hits you but does no damage.
Sigmund hits you but does no damage. Sigmund hits you but does no damage.
Sigmund gestures at you while chanting. The puff of flame hits you!
You die...

#.# #.# #.#
#.# #.# #.#
#######.#
#...♣)@@#
#.#
#.#####)#
#.# #.#
#...# #.#
#.# #.....#
#.#
#.#........#
#.#
#.#.#......#
#.#
#.#.##...#@#
#.#######.#
##.#...
#.........#
#.#..##


You could see Sigmund and Jessica.

Vanquished Creatures
  2 adders (D:2)
  2 worms
  3 dart slugs
  3 ball pythons
  2 bats (D:2)
  4 endoplasms
  A giant cockroach (D:1)
  5 goblins
  2 hobgoblins (D:2)
  6 jackals
  2 quokkas (D:2)
  4 frilled lizards
  6 kobolds
  4 rats
46 creatures vanquished.

Notes
Turn   | Place    | Note
-------+----------+-------------------------------------------
     0 | D:1      | Ofeo the Armataur Reaver began the quest for the Orb.
     0 | D:1      | Reached XP level 1. HP: 18/18 MP: 3/3
  1043 | D:1      | Reached XP level 2. HP: 23/25 MP: 4/4
  1501 | D:2      | Reached XP level 3. HP: 16/31 MP: 6/6
  1701 | D:2      | Reached skill level 3 in Conjurations
  2732 | D:2      | Reached XP level 4. HP: 37/38 MP: 7/7
  3002 | D:3      | Noticed Jessica
  3005 | D:3      | Noticed Sigmund
  3061 | D:3      | Killed from afar by Sigmund

Illustrated notes

Levels and vault maps discovered:
D:1:      dreamdust_arrival_beginning_and_end, layout_basic
D:2:      layout_loops_ring
D:3:      layout_loops_ring, led_sif_book, lemuel_tele_altar, nicolae_wormholes,
          uniq_robin, uniq_sigmund, uniq_jessica

Skill      XL: |  1  2  3 |
---------------+----------+-----
Fighting       | 2 |  2.3
Spellcasting   | 2 |  2.3
Conjurations   | 3 |  3.1
Axes           | |  2.8
Dodging        | |  1.9

Action                     |  1- 3 |  4- 6 || total
---------------------------+-------+-------++-------
  Melee: Hand axe          |   113 |       ||   113
         Tailslap          |     9 |     2 ||    11
         Punch             |     2 |       ||     2
         Quarterstaff      |     3 |    17 ||    20
    Use: Scroll            |     2 |     2 ||     4
         Potion            |     1 |     1 ||     2
 Armour: Leather armour    |    56 |     5 ||    61
         Skin              |       |    24 ||    24
  Dodge: Dodged            |    80 |     8 ||    88
  Block: Other             |       |     3 ||     3
         Reflection        |       |     1 ||     1

Table legend: (Time is in decaauts)
 A = Elapsed time spent in this place.
 B = Non-inter-level travel time spent in this place.
 C = Inter-level travel time spent in this place.
 D = Time resting spent in this place.
 E = Time spent auto-exploring this place.
 F = Levels seen in this place.
 G = Mean time per level.
                   A        B        C        D        E       F      G
               +--------+--------+--------+--------+--------+-----+--------+
         Total |   3072 |   2907 |    165 |    589 |   1940 |   3 | 1024.0 |
       Dungeon |   3072 |   2907 |    165 |    589 |   1940 |   3 | 1024.0 |
               +--------+--------+--------+--------+--------+-----+--------+

Top non-repeatable levels by time:
     D:1: 1674 daAuts
     D:2: 1274 daAuts
     D:3: 123 daAuts
